 Dungeon Crawl Stone Soup version 0.18-a0-27-g1f73fa3 (webtiles) character file.

5663 Ordine the Carver (level 10, 0/61 HPs)
             Began as a High Elf Skald on Nov 4, 2015.
             Was a Priest of Okawaru.
             Slain by a yak (16 damage)
             ... on level 9 of the Dungeon.
             The game lasted 00:38:39 (9246 turns).

Ordine the Carver (High Elf Skald)                  Turns: 9246, Time: 00:38:39

Health: 0/61       AC: 12    Str: 11    XL:     10   Next: 47%
Magic:  0/18       EV: 12    Int: 20    God:    Okawaru [***...]
Gold:   273        SH:  0    Dex: 15    Spells: 5 memorised, 8 levels left

rFire  + . .     SeeInvis .     b - +2 falchion (flame)
rCold  . . .     Clarity  .     t - +2 leather armour {rF+}
rNeg   . . .     SustAt   +     (no shield)
rPois  +         Gourm    .     e - +1 helmet
rElec  .         Spirit   .     u - +1 cloak {MR+}
rCorr  .         Warding  .     z - +0 pair of gloves
rMut   .         Stasis   .     (no boots)
MR     ++...                    n - amulet of regeneration
Stlth  +.........               h - ring of poison resistance
                                x - ring of sustain attributes

@: infused, singing, very resistant to hostile enchantments, very unstealthy
A: slimy green scales 1
a: Heroism, Renounce Religion, Stop Singing


You were on level 9 of the Dungeon.
You worshipped Okawaru.
Okawaru was most pleased with you.
You were hungry.

You visited 2 branches of the dungeon, and saw 10 of its levels.

You collected 469 gold pieces.
You spent 196 gold pieces at shops.

Inventory:

Hand Weapons
 b - a +2 falchion of flaming (weapon)
Armour
 e - a +1 helmet (worn)
 i - a +0 buckler
 t - a +2 leather armour of fire resistance (worn)
 u - a +1 cloak of magic resistance (worn)
 z - a +0 pair of gloves (worn)
Jewellery
 g - an uncursed ring of flight
 h - a ring of poison resistance (right hand)
 n - an amulet of regeneration (around neck)
 x - a ring of sustain attributes (left hand)
Wands
 k - a wand of teleportation (5)
Scrolls
 d - a scroll of amnesia
 o - a scroll of remove curse
 q - a scroll of enchant weapon
 v - 4 scrolls of teleportation
 y - 3 scrolls of identify
 B - a scroll of summoning
Potions
 a - a potion of brilliance
 p - 3 potions of cure mutation
 r - 3 potions of curing
 s - 2 potions of flight
 w - 3 potions of heal wounds
Books
 c - a book of Battle

   Spells                             Type                      Level
   a - Infusion                       Charms                       1
   b - Shroud of Golubria             Charms/Translocation         2
   c - Song of Slaying                Charms                       2
   d - Spectral Weapon                Hexes/Charms                 3
   e - Regeneration                   Charms/Necromancy            3
 A - a book of Summonings

   Spells                             Type                      Level
   a - Recall                         Summoning/Translocation      3
   b - Aura of Abjuration             Summoning                    5
   c - Shadow Creatures               Summoning                    5
   d - Summon Demon                   Summoning                    5
   e - Summon Forest                  Summoning/Translocation      5
   f - Summon Mana Viper              Hexes/Summoning              5
Comestibles
 f - 7 meat rations
 j - 4 bread rations
 l - a slice of pizza
 m - 7 beef jerkies
 C - 5 chunks of flesh


   Skills:
 + Level 2.3 Fighting
 - Level 14.0 Long Blades
 - Level 0.8 Armour
 + Level 1.7 Dodging
 - Level 5.1 Shields
 - Level 5.1 Spellcasting
 + Level 0.8 Hexes
 + Level 8.9 Charms


You had 8 spell levels left.
You knew the following spells:

 Your Spells              Type           Power        Failure   Level  Hunger
a - Infusion              Chrm           #####.       1%          1    None
b - Song of Slaying       Chrm           #####...     1%          2    None
c - Shroud of Golubria    Chrm/Tloc      ###.......   4%          2    None
d - Regeneration          Chrm/Necr      ###.......   10%         3    ##.....
e - Spectral Weapon       Hex/Chrm       ###.....     8%          3    ##.....


Dungeon Overview and Level Annotations

Branches:
Dungeon (9/15)             Temple (1/1) D:7             Orc (0/4) D:9
   Lair: D:8-11

Altars:
Ashenzari
Cheibriados
Dithmenos
Elyvilon
Fedhas
Gozag
Kikubaaqudgha
Makhleb
Nemelex Xobeh
Okawaru
Qazlal
Ru
Sif Muna
Trog
Vehumet
Xom
Yredelemnul
Zin
The Shining One

Shops:
D:9 (


Innate Abilities, Weirdness & Mutations

You are partially covered in slimy green scales (AC +2).


Message History

You hit the yak. You burn the yak.
The yak is almost dead.
The yak misses you.
You slash the yak! You burn the yak.
You kill the yak!
Okawaru accepts your kill. The yak closely misses you.
You hit the yak. You burn the yak.
The yak is lightly wounded.
The yak closely misses you.
You slash the yak! You burn the yak.
The yak is heavily wounded.
You slash the yak! You burn the yak.
The yak is severely wounded.
The yak gores you!
* * * LOW HITPOINT WARNING * * *
You slash the yak! You burn the yak.
The yak is almost dead.
The yak gores you!
You die...

..##.##..# #.#
##.#####
###......#
#(###..#
........##
#.##..##
.........#
##....##
.........# #..####
.........#. #...#
...........#...#.#
........#.##..##†#
.#####.......# #@#
####.........
#Y..# #....####...
....# ..#### ###.
##...# .## #....
## ....#. #...###
##### ## #...#
....# .


You could see a yak.

Vanquished Creatures
  Pikel (D:4)
  A two-headed ogre (D:8)
  Grinder (D:3)
  2 deep elf magi
  Sigmund (D:3)
  2 hippogriffs
  A hill giant zombie (D:9)
  4 yaks (D:9)
  2 hungry ghosts (D:9)
  Menkaure (D:4)
  An ice beast (D:7)
  A wasp (D:8)
  A slave (D:4)
  2 phantoms (D:9)
  A centaur (D:9)
  A big kobold (D:8)
  5 ogres
  4 giant frogs
  4 killer bees (D:7)
  3 scorpions
  A troll zombie (D:9)
  9 wights
  A crimson imp (D:8)
  2 giant frog zombies
  A jelly (D:9)
  4 hounds
  5 orc wizards
  5 orc priests
  5 worker ants
  6 ogre zombies (D:9)
  A hound zombie (D:7)
  A hound skeleton (D:5)
  A worker ant zombie (D:8)
  11 gnolls
  14 adders
  2 shadow imps
  An adder zombie (D:6)
  3 worms
  4 giant geckos
  12 orcs
  2 ball pythons
  4 giant cockroaches
  8 hobgoblins
  16 jackals
  4 bats
  2 giant newts
  12 goblins
  3 goblin skeletons (D:9)
  A goblin zombie (D:9)
  2 hobgoblin skeletons (D:9)
  2 hobgoblin zombies (D:9)
  A jackal zombie (D:6)
  5 kobolds
  2 orc skeletons (D:9)
  15 orc zombies (D:9)
  A quokka (D:6)
  2 quokka skeletons
  13 rats
223 creatures vanquished.

Vanquished Creatures (others)
  A slave (D:4)
  A giant gecko (D:4)
2 creatures vanquished.

Grand Total: 225 creatures vanquished

Notes
Turn   | Place    | Note
--------------------------------------------------------------
     0 | D:1      | Ordine the High Elf Skald began the quest for the Orb.
     0 | D:1      | Reached XP level 1. HP: 14/14 MP: 4/4
   648 | D:1      | Reached XP level 2. HP: 19/19 MP: 3/6
   675 | D:1      | Learned a level 2 spell: Song of Slaying
   678 | D:1      | Learned a level 2 spell: Shroud of Golubria
   860 | D:1      | Reached skill level 4 in Long Blades
  1419 | D:1      | Reached XP level 3. HP: 24/24 MP: 7/7
  1689 | D:2      | You fall through a shaft for 2 floors!
  1709 | D:3      | Reached skill level 5 in Long Blades
  2184 | D:2      | Reached XP level 4. HP: 15/29 MP: 1/8
  2375 | D:3      | Noticed Sigmund
  2389 | D:3      | Killed Sigmund
  2389 | D:3      | Reached skill level 7 in Long Blades
  2389 | D:3      | Reached XP level 5. HP: 23/34 MP: 1/10
  2474 | D:3      | Reached XP level 6. HP: 10/39 MP: 2/11
  2752 | D:3      | Learned a level 3 spell: Regeneration
  2756 | D:3      | Learned a level 3 spell: Spectral Weapon
  2834 | D:3      | Found a shadowy altar of Dithmenos.
  3050 | D:3      | Found a shimmering altar of Xom.
  3158 | D:3      | Noticed Grinder
  3171 | D:3      | Paralysed by Grinder for 5 turns
  3188 | D:3      | Paralysed by Grinder for 6 turns
  3199 | D:3      | HP: 1/39 [Grinder (2)]
  3208 | D:3      | Gained mutation: Your spells are a little harder to cast, but a little more powerful. [potion of mutation]
  3208 | D:3      | Lost mutation: Your spells are a little harder to cast, but a little more powerful. [potion of mutation]
  3208 | D:3      | Gained mutation: You are partially covered in slimy green scales (AC +2). [potion of mutation]
  3217 | D:3      | Paralysed by Grinder for 6 turns
  3228 | D:3      | Paralysed by Grinder for 3 turns
  3235 | D:3      | Killed Grinder
  3235 | D:3      | Reached skill level 9 in Long Blades
  3449 | D:4      | Reached XP level 7. HP: 45/45 MP: 9/12
  3559 | D:4      | Noticed Pikel
  3578 | D:4      | Killed Pikel
  3578 | D:4      | Reached skill level 10 in Long Blades
  3578 | D:4      | Reached skill level 5 in Spellcasting
  3748 | D:4      | Reached XP level 8. HP: 40/50 MP: 13/16
  4075 | D:4      | Noticed Menkaure
  4260 | D:4      | Killed Menkaure
  4547 | D:5      | Entered Level 5 of the Dungeon
  5243 | D:6      | Reached skill level 5 in Charms
  5602 | D:6      | Got a fine robe
  5613 | D:6      | Identified the +0 robe "Raoxtase" {rC++ Int-5 Slay+4 Stlth+} (You found it on level 6 of the Dungeon)
  5891 | D:6      | Reached skill level 11 in Long Blades
  6182 | D:6      | Found a white marble altar of Elyvilon.
  6182 | D:6      | Found a snail-covered altar of Cheibriados.
  6621 | D:7      | Reached skill level 12 in Long Blades
  6621 | D:7      | Reached XP level 9. HP: 52/54 MP: 10/17
  6730 | D:7      | Found a staircase to the Ecumenical Temple.
  6752 | Temple   | Entered the Ecumenical Temple
  6760 | Temple   | Became a worshipper of Warmaster Okawaru
  7312 | D:7      | Reached skill level 13 in Long Blades
  7556 | D:8      | Reached * piety under Okawaru
  8101 | D:8      | Reached ** piety under Okawaru
  8296 | D:9      | Reached skill level 14 in Long Blades
  8296 | D:9      | Reached XP level 10. HP: 50/60 MP: 0/18
  8454 | D:9      | Found Pulocso's Antique Weapon Emporium.
  8461 | D:9      | Reached skill level 1 in Shields
  8493 | D:9      | Bought a transparent dagger for 196 gold pieces
  8495 | D:9      | Identified the +7 dagger "Brush" {pierce, Int+4} (You bought it in a shop on level 9 of the Dungeon)
  8557 | D:9      | Found a staircase to the Orcish Mines.
  8828 | D:9      | Reached *** piety under Okawaru
  9227 | D:9      | Reached skill level 5 in Shields
  9246 | D:9      | Slain by a yak

Vault maps used:
D:1:      evilmike_arrival_plus
D:3:      nicolae_overflow_crystal_walls, serial_park_tiny_2,
          hangedman_abyss_or_decor_lesser_grid, minmay_misc_feat_four_crosses,
          xom_teletrap_fun, uniq_sigmund, uniq_grinder
D:4:      minmay_misc_feat_pillars, kennysheep_generic_room_12, uniq_pikel,
          uniq_menkaure
D:5:      first_bread
D:6:      gammafunk_temple_overflow_wave
D:7:      minmay_temple_entry_purple_smoke, grunt_ogre_cave
D:9:      zombieorc2_lemuel, serial_co_window_serial, co_window_paths_a,
          co_window_paths_a, co_window_paths_b, co_window_corner_a,
          co_window_of_opportunity_a, co_window_2corner,
          co_window_unsneaky_path_b, co_window_corner_b, glass_columns_b,
          glass_columns_a, glass_columns_a, glass_columns_b, glass_columns_a,
          serial_shops, shop
Temple:   nicolae_temple_x_marks_the_god_16

Action                   |  1- 3 |  4- 6 |  7- 9 | 10-12 || total
-------------------------+-------+-------+-------+-------++-------
Melee: Falchion          |    50 |       |   150 |   170 ||   370
       Dagger            |   109 |   123 |   344 |       ||   576
       Long sword        |       |       |    27 |       ||    27
 Cast: Infusion          |    10 |     9 |    34 |     9 ||    62
       Shroud of Golubri |       |     1 |     9 |     3 ||    13
       Song of Slaying   |       |       |     5 |     4 ||     9
       Regeneration      |       |       |     1 |       ||     1
  Use: Scroll            |     9 |     1 |    11 |       ||    21
       Potion            |       |     4 |     1 |       ||     5
 Stab: Sleeping          |     2 |       |       |     1 ||     3
       Distracted        |       |       |     1 |       ||     1
  Eat: Chunk             |     3 |     6 |    14 |     7 ||    30
       Bread ration      |       |       |     1 |       ||     1
